 Dungeon Sprint DCSS version 0.28.0-45-g0d030f2227 (webtiles) character file.

Game seed: 10587009977045616930

10600000 protoss039 the Intangible (level 27, -9/193 (228) HPs)
             Began as a Djinni Warper on May 15, 2022.
             Was the Champion of Makhleb.
             Killed from afar by a wretched soul (110 damage)
             ... with a bolt of negative energy
             ... in the Dungeon (Sprint VIII: "Arena of Blood").
             The game lasted 00:05:29 (106 turns).

protoss039 the Intangible (Djinni Warper)            Turns: 106, Time: 00:05:30

HP:   -9/193 (228)  AC:  6    Str: 20    XL:     27
Gold: 0             EV: 26    Int: 18    God:    Makhleb [******] SH:  0 Dex: 14

rFire   + + .      SeeInvis .   h - +∞ Axe of Woe
rCold   x . .      Faith    .   (shield currently unavailable)
rNeg    . . .      Spirit   .   a - +0 leather armour
rPois   ∞          Reflect  .   (no helmet)
rElec   .          Harm     .   (no cloak)
rCorr   .          Rampage  .   (no gloves)
Will    ++...      NoTele   +   (boots unavailable)
Stlth   +++++++++.              (no amulet)
HPRegen 0.42/turn               (no ring)
MPRegen 0.00/turn               (no ring)

@: flying, heavily drained
A: sickness immunity, fire resistance 2, cold vulnerability 1, float, innate
caster, HP casting, extra vitality 1
a: Renounce Religion, Minor Destruction, Lesser Servant of Makhleb, Major
Destruction, Greater Servant of Makhleb


You were in the Dungeon.
You worshipped Makhleb.
Makhleb was exalted by your worship.
You visited 1 branch

Inventory:

Hand Weapons
 h - the +∞ Axe of Woe (weapon)
   (You found it in the Dungeon)
Missiles
 c - 5 boomerangs of dispersal (quivered)
Armour
 a - a +0 leather armour (worn)
Scrolls
 b - 2 scrolls of blinking
Potions
 d - a potion of curing
 e - a potion of heal wounds
 f - a potion of haste
 g - a potion of berserk rage


   Skills:
 O Level 27 Fighting
 O Level 27 Short Blades
 O Level 27 Long Blades
 O Level 27 Axes
 O Level 27 Maces & Flails
 O Level 27 Polearms
 O Level 27 Staves
 O Level 27 Slings
 O Level 27 Bows
 O Level 27 Crossbows
 O Level 27 Throwing
 O Level 27 Armour
 O Level 27 Dodging
 O Level 27 Stealth
 O Level 27 Shields
 O Level 27 Unarmed Combat
 O Level 27 Spellcasting
 O Level 27 Invocations
 O Level 27 Evocations


You couldn't memorise any spells.
You knew the following spells:

 Your Spells              Type           Power      Damage    Failure   Level
a - Blink                 Tloc           100%       N/A       0%          2
b - Lesser Beckoning      Tloc           88%        N/A       0%          3
c - Gell's Gravitas       Tloc           88%        N/A       0%          3
d - Teleport Other        Tloc           88%        N/A       0%          3
e - Manifold Assault      Tloc           88%        N/A       0%          5
f - Disjunction           Tloc           44%        N/A       1%          8
g - Chain Lightning       Conj/Air       44%        3d58      2%          9
h - Death's Door          Necr           44%        N/A       2%          9
i - Flame Wave            Conj/Fire      88%        2d15      0%          4
j - Hailstorm             Conj/Ice       88%        3d18      0%          4
k - Lightning Bolt        Conj/Air       44%        1d63      0%          5
l - Death Channel         Necr           44%        N/A       0%          6
m - Summon Hydra          Summ           44%        N/A       1%          7
n - Iron Shot             Conj/Erth      44%        9d9       0%          6
o - Monstrous Menagerie   Summ           44%        N/A       1%          7
p - Pain                  Necr           100%       1d9       0%          1
q - Static Discharge      Conj/Air       88%        N/A       0%          2
r - Scorch                Fire           100%       2d10      0%          2
Your spell library was empty.

Dungeon Overview and Level Annotations

Branches:
Dungeon (1/1)

Altars:
Makhleb


Innate Abilities, Weirdness & Mutations

You are immune to sickness and miasma.
You are immune to poison.
Your flesh is very heat resistant. (rF++)
You are vulnerable to cold. (rC-)
You float through the air rather than walking.
You learn spells naturally, not from books.
Your magical power is your life essence.
You have superior vitality. (+4 MHP)


Message History

A scourge comes into view.
You hear a shout!
A bolt of negative energy appears from out of thin air!
The bolt of negative energy hits you!!!!
You feel drained.
Ouch! That really hurt!
* * * LOW HITPOINT WARNING * * *
You feel something staring at you.
A bolt of fire appears from out of thin air!
The bolt of fire misses you.
You hear a shout!
A destroyer comes into view. It is wielding a +9 vorpal great sword.
Your life force feels restored.
Unknown command.
Unknown command.
Unknown command.
Casting: Manifold Assault (safe; 0% risk of failure)
Confirm with . or Enter, or press ? or * to list all spells.
Space momentarily warps into an impossible shape!
The bag of meat shouts!
The scourge hisses angrily.
You slash the bag of meat!
You pulverise the bag of meat into a thin bloody mist.
You kill the bag of meat!
Makhleb accepts your kill.
You feel better.
You hit the destroyer but do no damage.
You hew the destroyer savagely.
You destroy the destroyer!
Makhleb accepts your kill.
You feel better.
You hit the scourge but do no damage. You chop the scourge into pieces.
You kill the scourge!
Makhleb accepts your kill.
You feel better.
The translocation energy dissipates.
You hear a shout! x4
A bolt of negative energy appears from out of thin air!
The bolt of negative energy hits you!!!!
You feel drained.
Ouch! That really hurt!
You die...

........o°.
)))...☼))
#{L...○)# . #..
..).# .. .)###.)
.))###)..
))..))###).)))...
...))))_)).).....
...#)))§)#......
#_§@)_# .....
#.)))§# ....
.))).._)..).....
°)))..###).{.)...
.)###○. .).###...
○ #○§ ..)# . #°.
...# )). .....


There were no monsters in sight!

Vanquished Creatures
  Sigmund (D)
  11 hell beasts (D)
  Edmund (D)
  6 royal mummies (D)
  6 wraiths (D)
  Harold (D)
  17 vampire knights (D)
  38 ogres (D)
  5 two-headed ogres (D)
  5 liches (D)
  A hydra (D)
  72 orcs (D)
  6 skeletal warriors (D)
  A sea snake (D)
171 creatures vanquished.

Notes
Turn   | Place    | Note
-------+----------+-------------------------------------------
     0 | D        | Found the +∞ Axe of Woe
     0 | D        | protoss039 the Djinni Warper began the quest for the Orb.
     0 | D        | Reached XP level 1. HP: 18/18 MP: 0/0
     1 | D        | Noticed a bag of meat
     2 | D        | Noticed a bag of meat
     3 | D        | Became a worshipper of Makhleb the Destroyer
     3 | D        | Noticed a meat berserker
     4 | D        | Noticed a bag of meat
     5 | D        | Noticed a bag of meat
     5 | D        | Noticed a bag of meat
     6 | D        | Noticed a meat berserker
     8 | D        | Killed a bag of meat
     8 | D        | Noticed a bag of meat
     8 | D        | Noticed a bag of meat
     9 | D        | Reached skill level 10 in Invocations
     9 | D        | Reached XP level 2. HP: 7/37 MP: 0/0
     9 | D        | Reached XP level 3. HP: 8/42 MP: 0/0
     9 | D        | Learned a level 1 spell: Pain
     9 | D        | Reached XP level 4. HP: 9/49 MP: 0/0
     9 | D        | Reached XP level 5. HP: 10/53 MP: 0/0
     9 | D        | Learned a level 2 spell: Static Discharge
     9 | D        | Reached XP level 6. HP: 11/59 MP: 0/0
     9 | D        | Reached XP level 7. HP: 12/65 MP: 0/0
     9 | D        | Learned a level 2 spell: Scorch
     9 | D        | Reached XP level 8. HP: 13/71 MP: 0/0
     9 | D        | Reached XP level 9. HP: 14/76 MP: 0/0
     9 | D        | Learned a level 4 spell: Flame Wave
     9 | D        | Reached XP level 10. HP: 15/82 MP: 0/0
     9 | D        | Reached XP level 11. HP: 16/87 MP: 0/0
     9 | D        | Learned a level 4 spell: Hailstorm
     9 | D        | Noticed a bag of meat
     9 | D        | Killed a meat berserker
     9 | D        | Reached * piety under Makhleb
     9 | D        | Killed a bag of meat
     9 | D        | Killed a bag of meat
     9 | D        | Noticed a meat berserker
    10 | D        | Reached skill level 15 in Fighting
    10 | D        | Reached skill level 15 in Invocations
    10 | D        | Reached XP level 12. HP: 10/103 MP: 0/0
    10 | D        | Reached XP level 13. HP: 11/108 MP: 0/0
    10 | D        | Learned a level 5 spell: Lightning Bolt
    10 | D        | Reached XP level 14. HP: 12/114 MP: 0/0
    10 | D        | Killed a meat berserker
    10 | D        | Reached ** piety under Makhleb
    10 | D        | Killed a bag of meat
    10 | D        | Killed a bag of meat
    10 | D        | Noticed a bag of meat
    11 | D        | Reached skill level 15 in Axes
    11 | D        | Reached skill level 10 in Throwing
    11 | D        | Reached skill level 10 in Spellcasting
    11 | D        | Reached XP level 15. HP: 65/125 MP: 0/0
    11 | D        | Learned a level 6 spell: Death Channel
    11 | D        | Reached *** piety under Makhleb
    11 | D        | Killed a meat berserker
    12 | D        | Reached XP level 16. HP: 98/136 MP: 0/0
    12 | D        | Reached **** piety under Makhleb
    13 | D        | Reached skill level 15 in Unarmed Combat
    14 | D        | Noticed a meat berserker
    14 | D        | Noticed a meat berserker
    15 | D        | Reached ***** piety under Makhleb
    16 | D        | Reached skill level 15 in Armour
    16 | D        | Reached XP level 17. HP: 146/146 MP: 0/0
    16 | D        | Learned a level 7 spell: Summon Hydra
    17 | D        | Killed a meat berserker
    17 | D        | Killed a meat berserker
    18 | D        | Reached XP level 18. HP: 157/157 MP: 0/0
    18 | D        | Noticed a destroyer
    20 | D        | Killed a destroyer
    21 | D        | Reached skill level 15 in Throwing
    21 | D        | Noticed a meat berserker
    22 | D        | Noticed a meat berserker
    24 | D        | Noticed a meat berserker
    26 | D        | Killed a meat berserker
    26 | D        | Noticed a meat berserker
    26 | D        | Noticed a destroyer
    27 | D        | Reached XP level 19. HP: 167/167 MP: 0/0
    27 | D        | Learned a level 6 spell: Iron Shot
    27 | D        | Reached ****** piety under Makhleb
    27 | D        | Killed a meat berserker
    27 | D        | Killed a destroyer
    27 | D        | Noticed a destroyer
    28 | D        | Reached skill level 27 in Dodging
    28 | D        | Reached skill level 15 in Spellcasting
    28 | D        | Killed a meat berserker
    29 | D        | Reached skill level 27 in Fighting
    29 | D        | Reached skill level 27 in Invocations
    29 | D        | Reached XP level 20. HP: 181/181 MP: 0/0
    30 | D        | Noticed The Servant
    31 | D        | Killed a destroyer
    31 | D        | Killed The Servant
    31 | D        | Killed a meat berserker
    32 | D        | Reached skill level 27 in Axes
    32 | D        | Reached XP level 21. HP: 187/187 MP: 0/0
    32 | D        | Learned a level 7 spell: Monstrous Menagerie
    33 | D        | Noticed a meat berserker
    35 | D        | Noticed a destroyer
    36 | D        | Killed a meat berserker
    36 | D        | Killed a destroyer
    36 | D        | Noticed a meat berserker
    37 | D        | Reached XP level 22. HP: 194/194 MP: 0/0
    39 | D        | Noticed a large bag of meat
    39 | D        | Noticed a meat berserker
    40 | D        | Killed a large bag of meat
    40 | D        | Killed a meat berserker
    41 | D        | Reached skill level 27 in Armour
    41 | D        | Reached skill level 27 in Unarmed Combat
    42 | D        | Noticed a meat berserker
    44 | D        | Noticed a meat berserker
    44 | D        | Noticed a tyrant
    45 | D        | Killed a tyrant
    45 | D        | Killed a meat berserker
    46 | D        | Reached skill level 27 in Throwing
    46 | D        | Reached skill level 27 in Spellcasting
    46 | D        | Reached skill level 5 in Maces & Flails
    46 | D        | Reached skill level 5 in Polearms
    46 | D        | Reached skill level 5 in Slings
    46 | D        | Reached skill level 5 in Stealth
    46 | D        | Reached XP level 23. HP: 161/201 MP: 0/0
    46 | D        | Learned a level 8 spell: Disjunction
    51 | D        | Noticed an accursed
    51 | D        | Noticed an accursed
    51 | D        | Noticed a destroyer
    53 | D        | Noticed a destroyer
    56 | D        | Killed a destroyer
    56 | D        | Killed an accursed
    56 | D        | Noticed a destroyer
    57 | D        | Reached XP level 24. HP: 199/208 MP: 0/0
    58 | D        | Noticed a destroyer
    58 | D        | Killed a destroyer
    59 | D        | Reached XP level 25. HP: 214/214 MP: 0/0
    59 | D        | Learned a level 9 spell: Chain Lightning
    59 | D        | Killed a destroyer
    61 | D        | Noticed a dread
    61 | D        | Noticed a large bag of meat
    62 | D        | Noticed a meat beast
    62 | D        | Killed a destroyer
    62 | D        | Noticed a tyrant
    62 | D        | Noticed a destroyer
    64 | D        | Reached skill level 27 in Stealth
    64 | D        | Reached XP level 26. HP: 221/221 MP: 0/0
    64 | D        | Noticed a dread
    64 | D        | Killed a destroyer
    64 | D        | Killed a large bag of meat
    65 | D        | Reached skill level 27 in Maces & Flails
    65 | D        | Reached skill level 27 in Polearms
    65 | D        | Reached skill level 27 in Slings
    65 | D        | Killed a meat beast
    66 | D        | Reached skill level 27 in Staves
    66 | D        | Reached skill level 10 in Shields
    66 | D        | Reached skill level 10 in Evocations
    66 | D        | Reached XP level 27. HP: 89/228 MP: 0/0
    66 | D        | Learned a level 9 spell: Death's Door
    66 | D        | Killed a dread
    67 | D        | Reached skill level 15 in Shields
    67 | D        | Reached skill level 15 in Evocations
    67 | D        | Killed a tyrant
    68 | D        | Reached skill level 15 in Bows
    68 | D        | Reached skill level 15 in Crossbows
    72 | D        | Noticed a dread
    72 | D        | Noticed an accursed
    73 | D        | Noticed a destroyer
    75 | D        | Killed a dread
    76 | D        | Noticed a dread
    79 | D        | Killed a destroyer
    79 | D        | Noticed a destroyer
    80 | D        | Killed a dread
    81 | D        | Killed an accursed
    82 | D        | Reached skill level 27 in Short Blades
    82 | D        | Reached skill level 27 in Long Blades
    82 | D        | Reached skill level 27 in Shields
    82 | D        | Reached skill level 27 in Evocations
    82 | D        | Killed a destroyer
    82 | D        | Noticed a tyrant
    82 | D        | Noticed a large bag of meat
    82 | D        | Noticed an accursed
    82 | D        | Noticed The Captor
    82 | D        | Noticed a dread
    83 | D        | Reached skill level 27 in Bows
    83 | D        | Reached skill level 27 in Crossbows
    83 | D        | Killed a large bag of meat
    83 | D        | Killed The Captor
    83 | D        | Killed a tyrant
    83 | D        | Noticed a large bag of meat
    84 | D        | Killed an accursed
    84 | D        | Killed a dread
    84 | D        | Killed a large bag of meat
    84 | D        | Noticed a meat beast
    84 | D        | Noticed a meat beast
    85 | D        | Killed a meat beast
    85 | D        | Noticed a large bag of meat
    86 | D        | Noticed a meat beast
    87 | D        | Noticed a destroyer
    87 | D        | Noticed a meat beast
    88 | D        | Killed a meat beast
    88 | D        | Noticed a meat beast
    89 | D        | Killed a meat beast
    90 | D        | Killed a meat beast
    90 | D        | Noticed a meat beast
    91 | D        | Killed a meat beast
    91 | D        | Killed a large bag of meat
    91 | D        | Noticed a meat beast
    92 | D        | Killed a meat beast
    93 | D        | Killed a dread
    93 | D        | Killed a meat beast
    93 | D        | Noticed a meat beast
    93 | D        | Noticed a destroyer
    94 | D        | Killed a meat beast
    97 | D        | Noticed an accursed
    97 | D        | Noticed a destroyer
    97 | D        | Noticed a dread
    98 | D        | Killed a destroyer
    98 | D        | Killed an accursed
    98 | D        | Killed a destroyer
    98 | D        | Noticed a meat beast
    99 | D        | Noticed a meat beast
    99 | D        | Noticed The Defiler
   100 | D        | Killed a dread
   100 | D        | Killed a meat beast
   101 | D        | Killed a meat beast
   101 | D        | Noticed a tyrant
   102 | D        | Killed The Defiler
   103 | D        | Killed a tyrant
   103 | D        | Noticed an accursed
   103 | D        | Noticed a tyrant
   103 | D        | Noticed a destroyer
   103 | D        | Noticed a destroyer
   104 | D        | Killed an accursed
   104 | D        | Killed a destroyer
   104 | D        | Killed a destroyer
   104 | D        | Noticed a destroyer
   104 | D        | Noticed a tyrant
   104 | D        | Noticed a tyrant
   105 | D        | Killed an accursed
   105 | D        | Killed a tyrant
   105 | D        | Killed a destroyer
   105 | D        | Noticed a destroyer
   106 | D        | Killed a destroyer
   106 | D        | Killed from afar by a wretched soul

Illustrated notes

Levels and vault maps discovered:
D:        meatsprint

Skill      XL: |  1  2  3  4  5  6  7  8  9 10 11 12 13 14 15 16 17 18 19 20 21 22 23 24 25 26 27 |
---------------+----------------------------------------------------------------------------------+-----
Fighting       | 11 15 17 19 21 23 24 27 | 27.0
Axes           | 9 13 15 16 18 19 21 23 27 | 27.0
Throwing       | 6 9 10 12 13 14 15 17 20 22 27 | 27.0
Armour         | 7 11 12 14 15 17 18 20 23 26 27 | 27.0
Dodging        | 11 16 19 21 23 24 26 27 | 27.0
Unarmed Combat | 8 11 13 14 15 17 18 20 24 26 27 | 27.0
Spellcasting   | 6 8 10 11 12 13 14 16 19 21 27 | 27.0
Invocations    | 10 15 17 19 21 23 24 27 | 27.0
Maces & Flails | 5 17 21 26 27 | 27.0
Polearms       | 5 17 21 26 27 | 27.0
Slings         | 5 17 21 26 27 | 27.0
Stealth        | 5 18 22 27 | 27.0
Staves         | 27 | 27.0
Short Blades   | 9 27 | 27.0
Long Blades    | 9 27 | 27.0
Bows           | 8 27 | 27.0
Crossbows      | 8 27 | 27.0
Shields        | 10 27 | 27.0
Evocations     | 10 27 | 27.0

Action                   |  1- 3 |  4- 6 |  7- 9 | 10-12 | 13-15 | 16-18 | 19-21 | 22-24 | 25-27 || total
-------------------------+-------+-------+-------+-------+-------+-------+-------+-------+-------++-------
Melee: Executioner's axe |     1 |       |       |     1 |     4 |    11 |    11 |    18 |   118 ||   164
 Cast: Manifold Assault  |       |       |       |       |     1 |     3 |     3 |     4 |    30 ||    41
       Disjunction       |       |       |       |       |       |       |       |       |     2 ||     2
       Chain Lightning   |       |       |       |       |       |       |       |       |     1 ||     1
Armor: Leather armour    |       |       |       |       |       |       |       |       |     1 ||     1
Dodge: Dodged            |       |       |       |       |       |       |       |       |    16 ||    16
